 Dungeon Crawl Stone Soup version 0.31-a0-358-gac0dbeb3ab (webtiles) character file.

Game seed: 12484133693244868608

133 hashsling the Conjurer (level 5, -8/35 HPs)
             Began as a Human Conjurer on July 25, 2023.
             Mangled by Crazy Yiuf
             ... wielding a +3 quarterstaff of chaos
              (13 damage)
             ... on level 3 of the Dungeon.
             The game lasted 00:07:54 (3190 turns).

hashsling the Conjurer (Human Conjurer)             Turns: 3190, Time: 00:07:55

Health: -8/35      AC:  3    Str:  7    XL:     5   Next: 40%
Magic:  3/8        EV: 12    Int: 20    God:
Gold:   91         SH:  0    Dex: 12    Spells: 1/8 levels left

rFire   . . .        i - +0 spear
rCold   . . .        (no shield)
rNeg    . . .        a - +0 robe
rPois   .            f - +0 helmet
rElec   .            (no cloak)
rCorr   .            (no gloves)
SInv    .            (no boots)
Will    .....        (no amulet)
Stlth   ++           (no ring)
HPRegen 0.25/turn    (no ring)
MPRegen 0.11/turn

%: no passive effects
@: lethally poisoned (-8 -> -12), slowed, very slow
A: no striking features
a: no special abilities


You were on level 3 of the Dungeon.
You visited 1 branch of the dungeon, and saw 3 of its levels.

You collected 91 gold pieces.

Inventory:

Hand Weapons
 d - a +0 trident
 i - a +0 spear (weapon)
Armour
 a - a +0 robe (worn)
 f - a +0 helmet (worn)
Jewellery
 r - a +4 ring of slaying
Scrolls
 e - a scroll of torment {unknown}
 h - a scroll of poison {unknown}
 j - a scroll of immolation {unknown}
 k - 2 scrolls of identify {unknown}
 m - a scroll of silence {unknown}
 o - a scroll of teleportation {unknown}
 q - a scroll of enchant armour {unknown}
Potions
 b - a potion of magic
 c - a potion of attraction {unknown}
 g - 2 potions of mutation {unknown}
 l - 2 potions of degeneration {unknown}
 n - 2 potions of curing {unknown}
 p - a potion of brilliance {unknown}


   Skills:
 - Level 2.0 Dodging
 - Level 2.0 Stealth
 - Level 2.0 Spellcasting
 * Level 6.3 Conjurations


You had one spell level left.
You knew the following spells:

 Your Spells              Type           Power      Damage    Failure   Level
a - Magic Dart            Conj           100%       1d8       1%          1
b - Searing Ray           Conj           54%        2d6       1%          2
c - Fulminant Prism       Conj/Hex       7%         3d6       38%         4

Your spell library contained the following spells:

 Spells                   Type           Power      Damage    Failure   Level
 Dazzling Flash           Conj/Hex       28%        N/A       13%         3
 Sublimation of Blood     Necr           2%         N/A       24%         2
 Iskenderun's Mystic Bla  Conj/Tloc      14%        2d5       38%         4
 Irradiate                Conj/Tmut      7%         3d14      75%         5
 Petrify                  Tmut/Erth      2%         N/A       83%         4


Dungeon Overview and Level Annotations

Branches:
Dungeon (3/15)

Altars:

Shops:
D:3 =

Annotations:
D:3 Crazy Yiuf


Message History

Without enough magic to sustain it, your searing ray dissipates.
Found a stone staircase leading down.
Found a stone staircase leading down.
You pick up a book of Alchemy and begin reading...
You add the spells Sublimation of Blood, Petrify and Irradiate to your library.
Okay, then.
r - a +4 ring of slaying
Found a hammer.
Found a runed translucent door.
Crazy Yiuf says, "Crazy?
Crazy!?
PORCUPINE!"
There is a stone staircase leading up here.
You see here a +0 dagger.
You open the door.
Crazy Yiuf shouts!
Casting: Searing Ray (safe; 1% risk of failure)
Confirm with . or Enter, or press ? or * to list all spells.
Aiming: Searing Ray (safe; 1% risk of failure)
Press: ? - help, Shift-Dir - straight line, f - Crazy Yiuf
Aim: Crazy Yiuf, wielding a +3 quarterstaff of chaos and wearing a +1 cloak (82% to hit)
The searing ray misses Crazy Yiuf. (Press . to maintain the ray.) Crazy Yiuf barely misses you.
The searing ray misses Crazy Yiuf.
Crazy Yiuf laughs, "Snurf rumpyflump koolooloo!"
Crazy Yiuf hits you with a +3 quarterstaff of chaos!
You feel yourself slow down.
The searing ray misses Crazy Yiuf.
Crazy Yiuf hits you with a +3 quarterstaff of chaos!
Crazy Yiuf hits you with a +3 quarterstaff of chaos.
* * * LOW HITPOINT WARNING * * *
You are poisoned.
The searing ray hits Crazy Yiuf.
Crazy Yiuf is lightly wounded.
You finish channelling your searing ray.
* * * LOW HITPOINT WARNING * * *
You feel very sick. Crazy Yiuf closely misses you.
* * * LOW HITPOINT WARNING * * *
You feel sick.
Crazy Yiuf hits you with a +3 quarterstaff of chaos!
You die...

###### .....# ####.#
## #.#### .# #....####
### .# ####..#.##
###..)# .#
#......####@g...#
######.......#..##...#
.......#.#..#.### ###
.......########
.......# .......#
###### .......# #....#
......+##########'#
......#..........##


You could see Crazy Yiuf.

Vanquished Creatures
  A scorpion (D:3)
  2 adders (D:3)
  A dart slug (D:2)
  5 ball pythons
  6 endoplasms
  A giant cockroach (D:2)
  7 goblins
  3 hobgoblins
  4 quokkas
  8 bats
  3 frilled lizards
  6 kobolds
  5 rats
52 creatures vanquished.

Notes
Turn   | Place    | Note
-------+----------+-------------------------------------------
     0 | D:1      | hashsling the Human Conjurer began the quest for the Orb.
     0 | D:1      | Reached XP level 1. HP: 13/13 MP: 3/3
   213 | D:1      | Reached XP level 2. HP: 19/19 MP: 0/5
   380 | D:1      | Learned a level 2 spell: Searing Ray
  1123 | D:2      | Reached XP level 3. HP: 24/24 MP: 4/6
  1438 | D:2      | Reached skill level 5 in Conjurations
  2074 | D:3      | Reached XP level 4. HP: 27/30 MP: 0/7
  2079 | D:3      | Learned a level 4 spell: Fulminant Prism
  2326 | D:3      | Found Cekaetuph's One-of-a-Kind Rings.
  2633 | D:3      | Noticed a scorpion
  2893 | D:3      | Killed a scorpion
  2894 | D:3      | Reached skill level 6 in Conjurations
  2894 | D:3      | Reached XP level 5. HP: 35/35 MP: 0/8
  3017 | D:3      | Found a runed translucent door.
  3018 | D:3      | Noticed Crazy Yiuf
  3190 | D:3      | Mangled by Crazy Yiuf

Illustrated notes

Levels and vault maps discovered:
D:1:      ncdulo_smallfort, layout_basic
D:2:      layout_loops_corners, kennysheep_generic_room_4
D:3:      layout_loops_cross, kennysheep_pointless_box,
          hangedman_abyss_or_decor_lesser_grid, nicolae_shop_unique_rings,
          grunt_decor_mini_mirrors, uniq_crazy_yiuf_cottage

Skill      XL: |  1  2  3  4 |
---------------+-------------+-----
Conjurations   | 5 6 |  6.3
Dodging        | |  2.0
Stealth        | |  2.0
Spellcasting   | |  2.0

Action                     |  1- 3 |  4- 6 || total
---------------------------+-------+-------++-------
  Melee: Spear             |    15 |    10 ||    25
         Dagger            |     2 |       ||     2
   Cast: Magic Dart        |    66 |    35 ||   101
         Searing Ray       |       |     2 ||     2
 Armour: Robe              |     7 |     1 ||     8
  Dodge: Dodged            |     9 |    13 ||    22

Table legend: (Time is in decaauts)
 A = Elapsed time spent in this place.
 B = Non-inter-level travel time spent in this place.
 C = Inter-level travel time spent in this place.
 D = Time resting spent in this place.
 E = Time spent auto-exploring this place.
 F = Levels seen in this place.
 G = Mean time per level.
                   A        B        C        D        E       F      G
               +--------+--------+--------+--------+--------+-----+--------+
         Total |   3191 |   3130 |     61 |      0 |   2827 |   3 | 1063.7 |
       Dungeon |   3191 |   3130 |     61 |      0 |   2827 |   3 | 1063.7 |
               +--------+--------+--------+--------+--------+-----+--------+

Top non-repeatable levels by time:
     D:3: 1131 daAuts
     D:1: 1038 daAuts
     D:2: 1021 daAuts
